 Dungeon Crawl Stone Soup version 0.29.1-15-g9cfb28693d (webtiles) character file.

Game seed: 5500410324395641986

134 protoss039 the Digger (level 4, 0/51 HPs)
             Began as a Demonspawn Earth Elementalist on Mar 25, 2023.
             Slain by a kobold brigand
             ... wielding a +0 club
              (2 damage)
             ... on level 3 of the Dungeon.
             The game lasted 00:03:20 (3625 turns).

protoss039 the Digger (DsEE)                        Turns: 3625, Time: 00:03:21

Health: 0/51       AC: 22    Str:  8    XL:     4   Next: 95%
Magic:  6/8        EV:  2    Int: 18    God:
Gold:   241        SH:  0    Dex: 14    Spells: 3/9 levels left

rFire   . . .      SeeInvis .   f - +0 dagger (vamp)
rCold   . . .      Faith    .   (no shield)
rNeg    . . .      Spirit   .   (body armour currently unavailable)
rPois   +          Reflect  .   (helmet currently unavailable)
rElec   .          Harm     .   (cloak currently unavailable)
rCorr   .          Rampage  .   (gloves currently unavailable)
Will    .....      NoTele   +   (boots currently unavailable)
Stlth   ++........              (no amulet)
HPRegen 0.17/turn               l - ring of flight
MPRegen 0.11/turn               (no ring)

@: lethally poisoned (0 -> -3), tree-form, attractive, slowed, very slow
A: stationary, stasis, torment immunity, boosted hp, (thin metallic scales 1),
ignite blood 1, (antennae 1)
a: no special abilities


You were on level 3 of the Dungeon.
You were a tree.
You visited 1 branch of the dungeon, and saw 3 of its levels.

You collected 241 gold pieces.

Inventory:

Hand Weapons
 c - a +0 dagger of freezing
 f - a +0 vampiric dagger (weapon)
Armour
 a - a +0 robe (melded)
Jewellery
 l - a ring of flight (left branch)
Scrolls
 e - a scroll of summoning {unknown}
 g - a scroll of torment {unknown}
 h - 2 scrolls of identify {unknown}
 i - a scroll of immolation {unknown}
 o - a scroll of butterflies {unknown}
 p - a scroll of magic mapping {unknown}
Potions
 b - 2 potions of magic
 d - a potion of lignification
 j - a potion of heal wounds {unknown}
 k - a potion of resistance {unknown}
 n - a potion of attraction


   Skills:
 + Level 2.3 Fighting
 + Level 0.5 Armour
 - Level 1.7 Dodging
 - Level 1.7 Stealth
 + Level 3.1 Spellcasting
 + Level 0.4 Conjurations
 - Level 0.8 Transmutations
 + Level 3.6 Earth Magic


You had 3 spell levels left.
You knew the following spells:

 Your Spells              Type           Power      Damage    Failure   Level
a - Sandblast             Erth           30%        2d9       3%          1
b - Passwall              Tmut/Erth      8%         N/A       10%         2
c - Stone Arrow           Conj/Erth      20%        3d8       22%         3

Your spell library contained the following spells:

 Spells                   Type           Power      Damage    Failure   Level
 Petrify                  Tmut/Erth      10%        N/A       54%         4


Dungeon Overview and Level Annotations

Branches:
Dungeon (3/15) Zot: 14325

Altars:
Ru
Wu Jian
Yredelemnul

Shops:
D:3 *


Innate Abilities, Weirdness & Mutations

You are a tree.
Your roots penetrate the ground, keeping you stationary.
You cannot be teleported.
You are immune to unholy pain and torment.
Your maximum health is greatly increased.
Your equipment is partially melded.
((You are partially covered in thin metallic scales. (AC +2)))
Your demonic aura sometimes causes spilled blood to erupt in flames.
((You have a pair of small antennae on your head.))


Message History

Unknown command.
Casting: Sandblast (safe; 3% risk of failure)
Confirm with . or Enter, or press ? or * to list all spells.
Aiming: Sandblast (safe; 3% risk of failure)
Press: ? - help, Shift-Dir - straight line, f/p - kobold brigand
Aim: a kobold brigand, wielding a +0 club and quivering curare-tipped darts (severely wounded, 77% to hit)
Okay, then.
It was a potion of lignification.
You turn into a tree.
Your +0 robe melds into your body.
Your roots penetrate the ground.
You feel very sick.
Unknown command.
Unknown command.
Unknown command.
Casting: Sandblast (safe; 3% risk of failure)
Confirm with . or Enter, or press ? or * to list all spells.
Aiming: Sandblast (safe; 3% risk of failure)
Press: ? - help, Shift-Dir - straight line, f/p - kobold brigand
Aim: a kobold brigand, wielding a +0 club and quivering curare-tipped darts (severely wounded, 77% to hit)
The blast of sand hits the kobold brigand but does no damage.
You feel very sick.
The kobold brigand hits you but does no damage.
The kobold brigand hits you with a +2 dagger of speed.
* * * LOW HITPOINT WARNING * * *
The kobold brigand hits you but does no damage. x3
Unknown command.
It was a potion of attraction.
You feel attractive to monsters.
You feel sick.
The kobold brigand hits you but does no damage. x2
The kobold brigand hits you with a +0 club.
* * * LOW HITPOINT WARNING * * *
The kobold brigand hits you but does no damage.
Unknown command.
It was a potion of mutation.
You feel extremely strange. A pair of antennae grows on your head!
* * * LOW HITPOINT WARNING * * *
You feel sick.
The kobold brigand hits you but does no damage.
The kobold brigand hits you with a +0 club.
You die...

#..##~~#..........#
##..#~~#......∩...#
#..##~#..........####
##..#~#.#............
#..###.#.###....####
#..# #.#.###.##..# #
#..# #.#...#.##..### #~
#..###.###.#.##...##
#~≈≈##.♣##.###.#.##.#.##
#~~≈≈#KK#......#.##.#.##
#~~~##..#..#####.##.#.##
#~~ ..##...............
## #..#..######.##.#.##
..##.........##.#... #..
#..#########.###. #!?
#..# #.# ## #[? #..# #.#
##


You could see 2 kobold brigands.

Vanquished Creatures
  5 adders
  3 adder skeletons (D:2)
  2 adder zombies (D:2)
  2 dart slugs (D:2)
  3 orcs (D:3)
  2 ball pythons
  3 bats
  2 bat skeletons (D:2)
  A bat zombie (D:2)
  3 endoplasms
  2 giant cockroaches
  8 hobgoblins
  2 jackals (D:3)
  3 quokkas
  2 ball python skeletons (D:2)
  3 ball python zombies (D:2)
  5 goblins
  11 kobolds
  4 rats
66 creatures vanquished.

Vanquished Creatures (others)
  9 withered plants (D:2)
9 creatures vanquished.

Grand Total: 75 creatures vanquished

Notes
Turn   | Place    | Note
-------+----------+-------------------------------------------
     0 | D:1      | protoss039 the Demonspawn Earth Elementalist began the
                  | quest for the Orb.
     0 | D:1      | Reached XP level 1. HP: 13/13 MP: 3/3
   198 | D:1      | Gained mutation: Your demonic aura sometimes causes spilled
                  | blood to erupt in flames. [demonic ancestry]
   198 | D:1      | Reached XP level 2. HP: 18/20 MP: 0/5
   247 | D:1      | Reached skill level 1 in Fighting
   751 | D:1      | Learned a level 2 spell: Passwall
  1177 | D:2      | Reached XP level 3. HP: 26/26 MP: 4/6
  1617 | D:2      | Found a basalt altar of Yredelemnul.
  1864 | D:2      | Gained mutation: You are partially covered in thin metallic
                  | scales. (AC +2) [demonic ancestry]
  1864 | D:2      | Reached XP level 4. HP: 24/33 MP: 0/8
  2485 | D:2      | Learned a level 3 spell: Stone Arrow
  2807 | D:3      | Found a sacrificial altar of Ru.
  3075 | D:3      | Found Zuxunk's General Store.
  3424 | D:3      | Found an ornate altar of the Wu Jian Council.
  3616 | D:3      | Noticed a kobold brigand
  3616 | D:3      | Noticed a kobold brigand
  3625 | D:3      | Gained mutation: You have a pair of small antennae on your
                  | head. [potion of mutation]
  3625 | D:3      | HP: 2/51 [poisoned by a kobold brigand (curare-tipped
                  | dart)]
  3625 | D:3      | Slain by a kobold brigand

Illustrated notes

Levels and vault maps discovered:
D:1:      tarquinn_simple_flora_water_b, layout_basic
D:2:      layout_loops_corners, basic_altar, serial_undead, serial_undead_d,
          serial_undead_c, serial_undead_b, serial_undead_b, serial_undead_d
D:3:      cheibrodos_thug_alley, layout_basic, mainiacjoe_overflow_24_doors,
          nicolae_ru_path_of_blood, serial_shops, shop

Skill      XL: |  1  2  3  4 |
---------------+-------------+-----
Fighting       | 1 2 |  2.3
Earth Magic    | 3 |  3.6
Spellcasting   | 3 |  3.1
Armour         | |  0.5
Dodging        | |  1.7
Stealth        | |  1.7
Conjurations   | |  0.4
Transmutations | |  0.8

Action                   |  1- 3 |  4- 6 || total
-------------------------+-------+-------++-------
Melee: Dagger            |    25 |    42 ||    67
 Cast: Sandblast         |    54 |    40 ||    94
  Use: Potion            |       |     3 ||     3
 Stab: Sleeping          |       |     4 ||     4
Armor: Robe              |    30 |    26 ||    56
       Skin              |       |     8 ||     8
Dodge: Dodged            |    66 |    48 ||   114
